 Dungeon Crawl Stone Soup version 0.29-a0-322-g68df515428 (webtiles) character file.

Game seed: 13131279301406150036

81 GigaChad the Skirmisher (level 4, -3/36 HPs)
             Began as a Demonspawn Chaos Knight on Apr 8, 2022.
             Was a Plaything of Xom.
             Killed by the air
             ... invoked by pigah's ghost
              (8 damage)
             ... on level 3 of the Dungeon.
             The game lasted 00:07:43 (2447 turns).

GigaChad the Skirmisher (Demonspawn Chaos Knight)   Turns: 2447, Time: 00:07:44

Health: -3/36      AC:  6    Str: 12    XL:     4   Next: 19%
Magic:  4/4        EV: 10    Int: 14    God:    Xom [...*..]
Gold:   62         SH:  0    Dex: 14    Spells: 3/3 levels left

rFire   . . .      SeeInvis .   a - +0 falchion (chaos)
rCold   . . .      Faith    .   (no shield)
rNeg    . . .      Spirit   .   q - +0 ring mail
rPois   +          Reflect  .   (no helmet)
rElec   .          Harm     .   (no cloak)
rCorr   .          Rampage  .   (no gloves)
Will    .....                   (no boots)
Stlth   ++........              (no amulet)
HPRegen 0.12/turn               (no ring)
MPRegen 0.09/turn               (no ring)

@: no status effects
A: rugged brown scales 1, powered by death 2, camouflage 1, poison resistance
a: Renounce Religion


You were on level 3 of the Dungeon.
You worshipped Xom.
You were a favourite toy of Xom.
You visited 1 branch of the dungeon, and saw 3 of its levels.

You collected 62 gold pieces.

Inventory:

Hand Weapons
 a - a +0 falchion of chaos (weapon)
 e - a +1 short sword of electrocution
 n - a +0 short sword of electrocution
 p - a +0 rapier
Missiles
 o - 13 poisoned darts
Armour
 b - a +2 leather armour
 q - a +0 ring mail (worn)
Scrolls
 f - a scroll of enchant armour {unknown}
 g - a scroll of immolation {unknown}
 h - a scroll of silence {unknown}
 i - a scroll of fog {unknown}
 k - 5 scrolls of identify {unknown}
 l - a scroll of brand weapon {unknown}
 s - a scroll of amnesia {unknown}
Potions
 d - 2 potions of mutation {unknown}
 j - 2 potions of berserk rage {unknown}
 m - a potion of degeneration {unknown}
 r - a potion of lignification {unknown}
Miscellaneous
 c - a piece from Xom's chessboard (15/15) (quivered)


   Skills:
 + Level 3.5 Fighting
 + Level 3.5 Long Blades
 + Level 2.3 Armour
 + Level 1.6 Dodging
 + Level 0.6 Stealth


You had 3 spell levels left.
You didn't know any spells.
Your spell library contained the following spells:

 Spells                   Type           Power      Damage    Failure   Level
 Animate Skeleton         Necr           0%         N/A       54%         1
 Pain                     Necr           0%         1d4       54%         1
 Portal Projectile        Hex/Tloc       0%         N/A       88%         3
 Vampiric Draining        Necr           0%         2d6       88%         3
 Blade Hands              Tmut           0%         N/A       100%        5
 Excruciating Wounds      Necr           0%         N/A       100%        5


Dungeon Overview and Level Annotations

Branches:
Dungeon (3/15)

Altars:
Okawaru
Xom

Shops:
D:3 !

Annotations:
D:3 pigah's ghost, amateur OpAE


Innate Abilities, Weirdness & Mutations

You are partially covered in rugged brown scales. (AC +1, +3% HP)
You regenerate health from kills.
Your skin changes colour to match your surroundings (Stealth+).
Your system is resistant to poisons. (rPois)


Message History

You now have 62 gold pieces (gained 15).
You open the door.
There is an open door here.
As you open the door, it creaks loudly!
Pigah's ghost casts a spell.
Pigah's ghost puts on a burst of speed!
Pigah's ghost closely misses you.
There is an open translucent door here.
You closely miss pigah's ghost.
Pigah's ghost hits you but does no damage.
You hit pigah's ghost. You burn pigah's ghost.
Pigah's ghost is lightly damaged.
Pigah's ghost hits you.
You slash pigah's ghost! You burn pigah's ghost.
Pigah's ghost is heavily damaged.
Pigah's ghost hits you.
You slash pigah's ghost!
Pigah's ghost easily resists.
Pigah's ghost is severely damaged.
Pigah's ghost says, "Very impressive.
But it won't help.
Nothing will."
Pigah's ghost waves its tentacles in wide circles.
The air twists around and strikes you! Pigah's ghost casts a spell at you.
The zap hits you.
You barely miss pigah's ghost.
Pigah's ghost is severely damaged.
Pigah's ghost waves its tentacles in wide circles.
The air twists around and strikes you!
* * * LOW HITPOINT WARNING * * *
You hit pigah's ghost. You freeze pigah's ghost.
Pigah's ghost is severely damaged.
Pigah's ghost barely misses you.
You hit pigah's ghost.
Pigah's ghost seems to grow stronger.
Xom is highly amused!
Pigah's ghost is almost destroyed.
Pigah's ghost hits you but does no damage.
You closely miss pigah's ghost.
Pigah's ghost is almost destroyed.
Pigah's ghost waves its tentacles in wide circles.
The air twists around and strikes you!
You die...

..#..#......#... #.........#..
............#.# ####.........#..
.....##.......# ##.....####......
#...........#####.......#####.#..
#..#.##..##.##.....###.....##.#..
+..#.##...........##⌠##..........
#....##.###l##...##...##......#.#
#..####'###.##..##..?..##...#.#.#
#...........#...@W..♣..⌠#...#.#.#
#...........#..÷##..!..##...#.#.#
'...........#....##...##.........
##..........#.#...##⌠##....##.#..
###.........#.#....###........#..
....).......#+#.........#........
.................................
..>#####.......#.####......####..
...# #.#._.#.#.# #.#.#..# #..


You could see pigah's ghost (strong, swift).

Vanquished Creatures
  3 adders
  7 bats
  7 endoplasms
  2 giant cockroaches
  3 goblins
  7 hobgoblins
  2 jackals (D:1)
  A quokka (D:3)
  5 ball pythons
  6 frilled lizards
  5 kobolds
  A rat (D:1)
49 creatures vanquished.

Notes
Turn   | Place    | Note
-------+----------+-------------------------------------------
     0 | D:1      | GigaChad the Demonspawn Chaos Knight began the quest for
                  | the Orb.
     0 | D:1      | Reached XP level 1. HP: 18/18 MP: 1/1
   238 | D:1      | XOM: silly message
   301 | D:1      | Reached skill level 1 in Dodging
   301 | D:1      | Gained mutation: You are partially covered in rugged brown
                  | scales. (AC +1, +3% HP) [demonic ancestry]
   301 | D:1      | Reached XP level 2. HP: 18/24 MP: 2/2
   579 | D:1      | XOM: scenery: create altars
   647 | D:1      | Found a faded altar of an unknown god.
   942 | D:1      | XOM: fog
  1017 | D:2      | XOM: scenery: create altars
  1021 | D:2      | Gained mutation: You regenerate a little health from kills.
                  | [demonic ancestry]
  1021 | D:2      | Reached XP level 3. HP: 29/29 MP: 3/3
  1107 | D:2      | XOM: 2-stop teleportation journey
  1502 | D:2      | XOM: give mutations
  1502 | D:2      | Gained mutation: Your system is resistant to poisons.
                  | (rPois) [Xom's grace]
  1502 | D:2      | Gained mutation: Your skin changes colour to match your
                  | surroundings (Stealth+). [Xom's grace]
  1865 | D:3      | Gained mutation: You regenerate health from kills. [demonic
                  | ancestry]
  1865 | D:3      | Reached XP level 4. HP: 26/36 MP: 4/4
  2000 | D:3      | Found a runed translucent door.
  2000 | D:3      | Noticed pigah's ghost (amateur OpAE)
  2024 | D:3      | Found an iron altar of Okawaru.
  2140 | D:3      | XOM: scenery: 1 doors open
  2231 | D:3      | Found Geunet's Distillery.
  2447 | D:3      | Killed from afar by pigah's ghost

Illustrated notes

Levels and vault maps discovered:
D:1:      elethiomel_arrival_maze, layout_basic,
          hellmonk_ecumenical_altar_run_dry
D:2:      layout_loops_corners, nicolae_concentric_dashed_squares_wild,
          grunt_decor_resistance
D:3:      layout_basic, mainiacjoe_overflow_tiny_flanked, serial_shops, shop,
          hellmonk_ghost_happy_afterlife

Skill      XL: |  1  2 |
---------------+-------+-----
Dodging        | 1 |  1.6
Armour         | 2 |  2.3
Long Blades    | 3 |  3.5
Fighting       | |  3.5
Stealth        | |  0.6

Action                   |  1- 3 |  4- 6 || total
-------------------------+-------+-------++-------
Melee: Falchion          |   127 |    26 ||   153
       Punch             |     1 |       ||     1
 Stab: Sleeping          |     2 |     2 ||     4
Armor: Leather armour    |    86 |    13 ||    99
       Ring mail         |       |     2 ||     2
Dodge: Dodged            |   115 |    15 ||   130

Table legend: (Time is in decaauts)
 A = Elapsed time spent in this place.
 B = Non-inter-level travel time spent in this place.
 C = Inter-level travel time spent in this place.
 D = Time resting spent in this place.
 E = Time spent auto-exploring this place.
 F = Levels seen in this place.
 G = Mean time per level.
                   A        B        C        D        E       F      G
               +--------+--------+--------+--------+--------+-----+--------+
         Total |   2468 |   2465 |      3 |      0 |    975 |   3 |  822.7 |
       Dungeon |   2468 |   2465 |      3 |      0 |    975 |   3 |  822.7 |
               +--------+--------+--------+--------+--------+-----+--------+

Top non-repeatable levels by time:
     D:1: 1019 daAuts
     D:3: 725 daAuts
     D:2: 723 daAuts
